BSA
IRVINE GANG GREEN @ MAUI TROPICS
05/21/2026
 
TOP OF THE 1ST
Irvine Gang Green batting - Pitching for Maui Tropics : RHP Ricardo Marino
Pitching: RHP Ricardo Marino
Batting: LHB Leonardo Medina 0-0: Called Strike
0-1: Ground out U3 (Groundball, 3S)
Batting: LHB Bill Murphy 0-0: Bunt for hit - play at first, batter OUT! 1-3
Batting: RHB Buck Jones 0-0: Ball
1-0: Ball
2-0: Foul Ball, location: 2F
2-1: Ball
3-1: Base on Balls
Batting: LHB Víctor Quiñones 0-0: Ball
1-0: Foul Ball, location: 2F
1-1: Foul Ball, location: 2F
1-2: Fly out, F8 (Flyball, 8LM)
Top of the 1st over - 0 run(s), 0 hit(s), 0 error(s), 1 left on base; Irvine 0 - Maui 0
BOTTOM OF THE 1ST
Maui Tropics batting - Pitching for Irvine Gang Green : RHP Takehide Ono
Pitching: RHP Takehide Ono
Batting: RHB Michael Woodruff 0-0: Called Strike
0-1: Foul Ball, location: 2F
0-2: Foul Ball, location: 2F
0-2: Ball
1-2: Ball
2-2: Ball
3-2: Strikes out swinging
Batting: RHB José Rodríguez 0-0: Ball
1-0: Foul Ball, location: 2F
1-1: Foul Ball, location: 2F
1-2: Strikes out swinging
Batting: RHB José Herrera 0-0: Ball
1-0: Called Strike
1-1: Fly out, F7 (Flyball, 7D)
Bottom of the 1st over - 0 run(s), 0 hit(s), 0 error(s), 0 left on base; Irvine 0 - Maui 0
TOP OF THE 2ND
Irvine Gang Green batting - Pitching for Maui Tropics : RHP Ricardo Marino
Batting: LHB Jesús Campos 0-0: Ground out 4-3 (Groundball, 4)
Batting: RHB José Salazar 0-0: Ball
1-0: Ball
2-0: Ground out 6-3 (Groundball, 6)
Batting: LHB Tom Baker 0-0: Ball
1-0: Ball
2-0: Swinging Strike
2-1: Foul Ball, location: 2F
2-2: Ball
3-2: SINGLE (Line Drive, 34D)
Batting: RHB Aaron Wilson 0-0: Called Strike
0-1: Ball
1-1: Ball
2-1: Fielders Choice at 2nd, U4 (Groundball, 4M)
Top of the 2nd over - 0 run(s), 1 hit(s), 0 error(s), 1 left on base; Irvine 0 - Maui 0
BOTTOM OF THE 2ND
Maui Tropics batting - Pitching for Irvine Gang Green : RHP Takehide Ono
Batting: LHB Luis Antonio Torres 0-0: Called Strike
0-1: Ball
1-1: Ball
2-1: SOLO HOME RUN (Flyball, 89XD), Distance : 393 ft
Batting: LHB Anacleto Morillo 0-0: Ball
1-0: SOLO HOME RUN (Flyball, 7LD), Distance : 337 ft
Batting: RHB Luis Alou 0-0: Fly out, F9 (Popup, 4D)
Batting: RHB Eugene Gill 0-0: Ball
1-0: Foul Ball, location: 2F
1-1: Foul Ball, location: 2F
1-2: Strikes out looking
Batting: RHB Matt Silver 0-0: Ball
1-0: Called Strike
1-1: Ball
2-1: Called Strike
2-2: Foul Ball, location: 2F
2-2: Foul Ball, location: 2F
2-2: SINGLE (Groundball, 56D) (infield hit)
Batting: LHB Javier Espinoza 0-0: Ball
Matt Silver steals 2nd base
1-0: Swinging Strike
1-1: Swinging Strike
1-2: Ball
2-2: Ball
3-2: Ground out 6-3 (Groundball, 6)
Bottom of the 2nd over - 2 run(s), 3 hit(s), 0 error(s), 1 left on base; Irvine 0 - Maui 2
TOP OF THE 3RD
Irvine Gang Green batting - Pitching for Maui Tropics : RHP Ricardo Marino
Batting: RHB Tom Doherty 0-0: Ball
1-0: Foul Ball, location: 2F
1-1: Foul Ball, location: 2F
1-2: Foul Ball, location: 2F
1-2: Foul Ball, location: 2F
1-2: Hit by Pitch
Batting: LHB Leonardo Medina 0-0: Ball
1-0: Called Strike
1-1: Foul Ball, location: 2F
1-2: Ball
2-2: Ball
3-2: Foul Ball, location: 2F
3-2: Fly out, F8 (Flyball, 8LD)
Batting: LHB Bill Murphy 0-0: Foul Ball, location: 2F
0-1: Ball
1-1: Ball
2-1: Ball
3-1: Base on Balls
Tom Doherty to second
Batting: RHB Buck Jones 0-0: Foul Ball, location: 2F
0-1: Ball
1-1: Foul Ball, location: 2F
1-2: Fly out, F7 (Flyball, 7D)
Runner from 2nd tags up, SAFE at 3rd, no throw
Batting: LHB Víctor Quiñones 0-0: Called Strike
0-1: Ball
1-1: Foul Ball, location: 2F
1-2: Ball
2-2: Foul Ball, location: 2F
2-2: Foul Ball, location: 2F
2-2: Foul Ball, location: 2F
2-2: Ground out U3 (Groundball, 3)
Top of the 3rd over - 0 run(s), 0 hit(s), 0 error(s), 2 left on base; Irvine 0 - Maui 2
BOTTOM OF THE 3RD
Maui Tropics batting - Pitching for Irvine Gang Green : RHP Takehide Ono
Batting: RHB Michael Woodruff 0-0: Ball
1-0: Called Strike
1-1: DOUBLE (Line Drive, 7D)
Batting: RHB José Rodríguez 0-0: Foul Ball, location: 2F
0-1: Called Strike
0-2: Strikes out swinging
Batting: RHB José Herrera 0-0: Ball
1-0: Ball
2-0: Ball
3-0: Base on Balls
Batting: LHB Luis Antonio Torres 0-0: Fly out, F8 (Flyball, 8LM)
Batting: LHB Anacleto Morillo 0-0: Ball
1-0: Swinging Strike
1-1: Ball
2-1: SINGLE (Line Drive, 8LS)
Michael Woodruff to third
José Herrera to second
Runner from 3rd tries for Home, SAFE, no throw or cutoff
Batting: RHB Luis Alou 0-0: Fly out, F5 (Popup, 15S)
Bottom of the 3rd over - 1 run(s), 2 hit(s), 0 error(s), 2 left on base; Irvine 0 - Maui 3
TOP OF THE 4TH
Irvine Gang Green batting - Pitching for Maui Tropics : RHP Ricardo Marino
Batting: LHB Jesús Campos 0-0: SOLO HOME RUN (Flyball, 89XD), Distance : 398 ft
Batting: RHB José Salazar 0-0: Ball
1-0: SINGLE (Flyball, 89S)
Batting: LHB Tom Baker 0-0: Called Strike
0-1: Swinging Strike
0-2: SINGLE (Groundball, 34)
José Salazar to second
Runner from 2nd tries for 3rd, OUT!
Tom Baker to second
Batting: RHB Aaron Wilson 0-0: Called Strike
0-1: Foul Ball, location: 2F
0-2: Strikes out swinging
Batting: RHB Tom Doherty 0-0: Fly out, F8 (Flyball, 8LD)
Top of the 4th over - 1 run(s), 3 hit(s), 0 error(s), 1 left on base; Irvine 1 - Maui 3
BOTTOM OF THE 4TH
Maui Tropics batting - Pitching for Irvine Gang Green : RHP Takehide Ono
Batting: RHB Eugene Gill 0-0: Ball
1-0: Called Strike
1-1: Ball
2-1: Ball
3-1: Base on Balls
Batting: RHB Matt Silver 0-0: Ball
1-0: Called Strike
1-1: Called Strike
1-2: Ball
2-2: Strikes out swinging
Batting: LHB Javier Espinoza 0-0: Called Strike
0-1: Ball
1-1: Swinging Strike
1-2: Foul Ball, location: 2F
1-2: Foul Ball, location: 2F
1-2: Ball
Wild Pitch!
Eugene Gill to second
2-2: Strikes out swinging
Batting: RHB Michael Woodruff 0-0: Swinging Strike
0-1: Called Strike
0-2: Ball
1-2: Ball
2-2: Ground out 5-3 (Groundball, 56)
Bottom of the 4th over - 0 run(s), 0 hit(s), 0 error(s), 1 left on base; Irvine 1 - Maui 3
TOP OF THE 5TH
Irvine Gang Green batting - Pitching for Maui Tropics : RHP Ricardo Marino
Batting: LHB Leonardo Medina 0-0: Ball
1-0: Ground out 4-3 (Groundball, 4M)
Batting: LHB Bill Murphy 0-0: Swinging Strike
0-1: Bunted foul
0-2: Ball
1-2: SOLO HOME RUN (Flyball, 89XD), Distance : 401 ft
Batting: RHB Buck Jones 0-0: Called Strike
0-1: SINGLE (Groundball, 4M)
Batting: LHB Víctor Quiñones 0-0: Ball
1-0: Foul Ball, location: 2F
1-1: Foul Ball, location: 2F
1-2: Ball
2-2: Foul Ball, location: 2F
2-2: Ball
3-2: Base on Balls
Buck Jones to second
Batting: LHB Jesús Campos 0-0: Called Strike
0-1: Foul Ball, location: 2F
0-2: Ball
1-2: SINGLE (Groundball, 6)
Buck Jones to third
Víctor Quiñones to second
Runner from 3rd tries for Home, SAFE, throw made home
Víctor Quiñones to third
Jesús Campos to second
Batting: RHB José Salazar 0-0: Ball
1-0: Ball
2-0: Fly out, F9 (Flyball, 9S)
2-0: Fly out, F9 (Flyball, 9S)
Batting: LHB Tom Baker 0-0: Ball
1-0: Ball
2-0: Foul Ball, location: 2F
2-1: Foul Ball, location: 2F
2-2: SINGLE (Flyball, 7LS)
Víctor Quiñones scores
Jesús Campos to third
Runner from 3rd tries for Home, SAFE, no throw or cutoff
Batting: RHB Aaron Wilson 0-0: Swinging Strike
0-1: SINGLE (Line Drive, 8RS)
Tom Baker to second
Runner from 2nd tries for 3rd, SAFE, no throw or cutoff
Batting: RHB Tom Doherty 0-0: Called Strike
0-1: Fielders Choice at 2nd, U4 (Groundball, 4M)
Top of the 5th over - 4 run(s), 5 hit(s), 0 error(s), 2 left on base; Irvine 5 - Maui 3
BOTTOM OF THE 5TH
Maui Tropics batting - Pitching for Irvine Gang Green : RHP Takehide Ono
Now in RF: Eichiro Yamamoto
Batting: RHB José Rodríguez 0-0: Called Strike
0-1: Ball
1-1: Ball
2-1: Foul Ball, location: 2F
2-2: Foul Ball, location: 2F
2-2: Foul Ball, location: 2F
2-2: Strikes out swinging
Batting: RHB José Herrera 0-0: Fly out, F7 (Line Drive, 78M)
Batting: LHB Luis Antonio Torres 0-0: Ball
1-0: DOUBLE (Line Drive, 8RS)
Batting: LHB Anacleto Morillo 0-0: Swinging Strike
0-1: Ball
1-1: Called Strike
1-2: Strikes out swinging
Bottom of the 5th over - 0 run(s), 1 hit(s), 0 error(s), 1 left on base; Irvine 5 - Maui 3
TOP OF THE 6TH
Irvine Gang Green batting - Pitching for Maui Tropics : RHP Ricardo Marino
Pitching: RHP Chuk-yan Zhuan
Batting: LHB Leonardo Medina 0-0: Ball
1-0: Ball
2-0: Ball
3-0: Called Strike
3-1: Swinging Strike
3-2: SINGLE (Groundball, 3D)
Batting: LHB Bill Murphy 0-0: Ball
1-0: Called Strike
1-1: SINGLE (Line Drive, 89S)
Leonardo Medina to second
Runner from 2nd tries for 3rd, SAFE, throw made to third
Batting: RHB Eichiro Yamamoto 0-0: Ball
Bill Murphy steals 2nd base
1-0: Called Strike
1-1: Ball
2-1: Ball
3-1: Foul Ball, location: 2F
3-2: Strikes out swinging
Batting: LHB Víctor Quiñones 0-0: Called Strike
0-1: Ball
1-1: Foul Ball, location: 2F
1-2: Ball
2-2: Ball
3-2: Foul Ball, location: 2F
3-2: Ground out 4-3 (Groundball, 4)
Batting: LHB Jesús Campos 0-0: Ball
1-0: Ball
2-0: Called Strike
2-1: Called Strike
2-2: Fly out, F8 (Flyball, 8LM)
Top of the 6th over - 0 run(s), 2 hit(s), 0 error(s), 2 left on base; Irvine 5 - Maui 3
BOTTOM OF THE 6TH
Maui Tropics batting - Pitching for Irvine Gang Green : RHP Takehide Ono
Batting: RHB Luis Alou 0-0: Foul Ball, location: 2F
0-1: Foul Ball, location: 2F
0-2: Strikes out looking
Batting: RHB Eugene Gill 0-0: DOUBLE (Flyball, 7D)
Batting: RHB Matt Silver 0-0: Ball
Eugene Gill steals 3rd base
1-0: SINGLE (Groundball, 56D)
Eugene Gill scores
Pitching: RHP Raúl Saltines
Batting: LHB Javier Espinoza 0-0: Swinging Strike
0-1: Ball
1-1: Swinging Strike
1-2: Strikes out swinging
Batting: RHB Michael Woodruff 0-0: Ball
Matt Silver is caught stealing 2nd base
Bottom of the 6th over - 1 run(s), 2 hit(s), 0 error(s), 0 left on base; Irvine 5 - Maui 4
TOP OF THE 7TH
Irvine Gang Green batting - Pitching for Maui Tropics : RHP Chuk-yan Zhuan
Batting: RHB José Salazar 0-0: Ball
1-0: Swinging Strike
1-1: Swinging Strike
1-2: Ground out 6-3 (Groundball, 6)
Batting: LHB Tom Baker 0-0: Ball
1-0: SINGLE (Flyball, 8LM)
Pinch Hitting: LHB Jorge Martínez 0-0: Called Strike
0-1: Called Strike
0-2: Ball
1-2: Ball
2-2: Ball
3-2: Base on Balls
Tom Baker to second
Batting: RHB Tom Doherty 0-0: SINGLE (Line Drive, 6MD)
Tom Baker to third
Jorge Martínez to second
Batting: LHB Leonardo Medina 0-0: Called Strike
0-1: SINGLE (Line Drive, 4D)
Tom Baker scores
Jorge Martínez to third
Tom Doherty to second
Batting: LHB Bill Murphy 0-0: Ball
1-0: Swinging Strike
1-1: Ball
2-1: Ball
3-1: Base on Balls
Jorge Martínez scores
Tom Doherty to third
Leonardo Medina to second
Pinch Hitting: RHB Manny Copriviza 0-0: Swinging Strike
0-1: Ball
1-1: Ball
2-1: Ball
3-1: Called Strike
3-2: Strikes out swinging
Pitching: LHP Juan Garza
Batting: LHB Víctor Quiñones 0-0: Ball
1-0: Swinging Strike
1-1: Ball
2-1: Foul Ball, location: 2F
2-2: Foul Ball, location: 2F
2-2: Fly out, F8 (Flyball, 8LM)
Top of the 7th over - 2 run(s), 3 hit(s), 0 error(s), 3 left on base; Irvine 7 - Maui 4
BOTTOM OF THE 7TH
Maui Tropics batting - Pitching for Irvine Gang Green : RHP Raúl Saltines
Now at 2B: Jorge Martínez
Now in RF: Tony Tavárez
Batting: RHB Michael Woodruff 0-0: Swinging Strike
0-1: Foul Ball, location: 2F
0-2: Ball
1-2: Strikes out looking
Batting: RHB José Rodríguez 0-0: DOUBLE (Line Drive, 78XD)
Batting: RHB José Herrera 0-0: Ball
José Rodríguez steals 3rd base
1-0: Called Strike
1-1: Called Strike
1-2: Strikes out swinging
Batting: LHB Luis Antonio Torres 0-0: Foul Ball, location: 2F
0-1: Foul Ball, location: 2F
0-2: Ground out U3 (Groundball, 3S)
Bottom of the 7th over - 0 run(s), 1 hit(s), 0 error(s), 1 left on base; Irvine 7 - Maui 4
TOP OF THE 8TH
Irvine Gang Green batting - Pitching for Maui Tropics : LHP Juan Garza
Batting: LHB Jesús Campos 0-0: Ball
1-0: Foul Ball, location: 2F
1-1: Ball
2-1: Foul Ball, location: 2F
2-2: Strikes out looking
Batting: RHB José Salazar 0-0: Ball
1-0: Ball
2-0: Ball
3-0: Base on Balls
Batting: LHB Tom Baker 0-0: Ball
1-0: Foul Ball, location: 2F
1-1: Called Strike
1-2: Ball
2-2: SINGLE (Flyball, 6MD)
José Salazar to second
Batting: LHB Jorge Martínez 0-0: Called Strike
0-1: Ball
1-1: Called Strike
1-2: Foul Ball, location: 2F
1-2: Strikes out swinging
Batting: RHB Tom Doherty 0-0: Ball
1-0: Called Strike
1-1: Ground out 5-3 (Groundball, 56)
Top of the 8th over - 0 run(s), 1 hit(s), 0 error(s), 2 left on base; Irvine 7 - Maui 4
BOTTOM OF THE 8TH
Maui Tropics batting - Pitching for Irvine Gang Green : RHP Raúl Saltines
Batting: LHB Anacleto Morillo 0-0: Foul Ball, location: 2F
0-1: Foul Ball, location: 2F
0-2: Ball
1-2: Strikes out swinging
Pitching: LHP Yu-shu Kong
Batting: RHB Luis Alou 0-0: Foul Ball, location: 2F
0-1: Foul Ball, location: 2F
0-2: Ball
1-2: SINGLE (Line Drive, 6D)
Pitching: RHP Mike Marrero
Batting: RHB Eugene Gill 0-0: Ball
1-0: Foul Ball, location: 2F
1-1: Called Strike
1-2: Strikes out looking
Batting: RHB Matt Silver 0-0: Fly out, F7 (Line Drive, 7D)
Bottom of the 8th over - 0 run(s), 1 hit(s), 0 error(s), 1 left on base; Irvine 7 - Maui 4
TOP OF THE 9TH
Irvine Gang Green batting - Pitching for Maui Tropics : LHP Juan Garza
Batting: LHB Leonardo Medina 0-0: Foul Ball, location: 2F
0-1: Ball
1-1: Ball
2-1: Ground out 4-3 (Groundball, 4)
Batting: LHB Bill Murphy 0-0: Ball
1-0: Ball
2-0: Fly out, F6 (Popup, 6M)
Batting: LHB Tony Tavárez 0-0: Ball
1-0: Foul Ball, location: 2F
1-1: Ball
2-1: Ball
3-1: Foul Ball, location: 2F
3-2: Base on Balls
Batting: LHB Víctor Quiñones 0-0: Called Strike
0-1: Ball
1-1: Ball
2-1: Foul Ball, location: 2F
2-2: Ball
Tony Tavárez steals 2nd base
3-2: Ground out 3-6 (Groundball, 3S)
Top of the 9th over - 0 run(s), 0 hit(s), 0 error(s), 1 left on base; Irvine 7 - Maui 4
BOTTOM OF THE 9TH
Maui Tropics batting - Pitching for Irvine Gang Green : RHP Mike Marrero
Pitching: RHP Mike Fisher
Batting: LHB Javier Espinoza 0-0: Called Strike
0-1: Swinging Strike
0-2: Foul Ball, location: 2F
0-2: Strikes out swinging
Batting: RHB Michael Woodruff 0-0: Ball
1-0: Called Strike
1-1: Ball
2-1: Called Strike
2-2: Foul Ball, location: 2F
2-2: Ball
3-2: Strikes out swinging
Batting: RHB José Rodríguez 0-0: Called Strike
0-1: Foul Ball, location: 2F
0-2: Ball
1-2: Ball
2-2: Strikes out swinging
Bottom of the 9th over - 0 run(s), 0 hit(s), 0 error(s), 0 left on base; Irvine 7 - Maui 4
Monday, December 5th, 2016 - OOTP Baseball 17.12 Build 75